 Dungeon Crawl Stone Soup version 0.20.0-7-g3b7b877 (webtiles) character file.

464 Kosschaser the Slasher (level 6, -2/55 HPs)
             Began as a Draconian Abyssal Knight on May 29, 2017.
             Was a Believer of Lugonu.
             Killed by divine providence
             ... invoked by an orc priest
              (15 damage)
             ... on level 5 of the Dungeon.
             The game lasted 00:13:09 (4364 turns).

Kosschaser the Slasher (Draconian Abyssal Knight)   Turns: 4364, Time: 00:13:10

Health: -2/55      AC:  6    Str: 14    XL:     6   Next: 80%
Magic:  7/7        EV: 13    Int: 12    God:    Lugonu [**....]
Gold:   229        SH:  0    Dex: 13    Spells: 5/5 levels left

rFire    + . .     SeeInvis .   a - +1 falchion
rCold    x . .     Gourm    .   (no shield)
rNeg     . . .     Faith    .   (armour unavailable)
rPois    +         Spirit   .   (helmet restricted)
rElec    .         Reflect  .   (no cloak)
rCorr    .         Harm     .   (no gloves)
MR       .....                  (no boots)
Stlth    ++........             (no amulet)
Regen    0.2/turn               s - ring of poison resistance
MPRegen  0.1/turn               A - ring of fire

@: no status effects
A: unfitting armour, cold-blooded, AC +6
a: Depart the Abyss, Bend Space, Renounce Religion


You were on level 5 of the Dungeon.
You worshipped Lugonu.
Lugonu was pleased with you.
You were not hungry.

You visited 1 branch of the dungeon, and saw 5 of its levels.
You visited the Abyss 1 time.

You collected 229 gold pieces.

Inventory:

Hand Weapons
 a - a +1 falchion (weapon)
Jewellery
 m - a -2 ring of protection
 s - a ring of poison resistance (left hand)
 A - a ring of fire (right hand)
 C - a +2 ring of evasion {unknown}
Wands
 o - a wand of acid (9/15)
 w - a wand of flame (23/48)
Scrolls
 c - 2 scrolls of teleportation
 h - 2 scrolls of remove curse
 j - a scroll of fear
 p - 2 scrolls of random uselessness {unknown}
 x - a scroll of enchant armour {unknown}
 y - a scroll of blinking {unknown}
 z - a scroll of magic mapping {unknown}
Potions
 e - a potion of brilliance
 f - 2 potions of lignification {unknown}
 g - a potion of resistance {unknown}
 i - 2 potions of heal wounds {unknown}
 k - 3 potions of degeneration {unknown}
 l - 2 potions of curing {unknown}
 n - a potion of magic {unknown}
 q - a potion of haste {unknown}
 r - 3 potions of invisibility {unknown}
 t - a potion of might {unknown}
 B - a potion of flight {unknown}
Books
 v - a book of Cantrips

   Spells                             Type                      Level
   a - Confusing Touch                Hexes                        1
   b - Animate Skeleton               Necromancy                   1
   c - Summon Small Mammal            Summoning                    1
   d - Apportation                    Translocation                1
Comestibles
 b - 5 bread rations
 d - a chunk of flesh
 u - a meat ration


   Skills:
 + Level 4.9 Fighting
 + Level 5.1 Long Blades
 + Level 3.7 Dodging
 + Level 1.9 Stealth
 + Level 2.0 Invocations


You had 5 spell levels left.
You didn't know any spells.

Dungeon Overview and Level Annotations

Branches:
Dungeon (5/15)
 Temple: D:4-7

Altars:
Ru

Annotations:
D:5 Kosschaser's ghost, novice DrAK


Innate Abilities, Weirdness & Mutations

Your plain brown scales are hard. (AC +6)
You cannot fit into any form of body armour.
You are cold-blooded and may be slowed by cold attacks.


Message History

The orc hits you but does no damage.
You hit the orc priest but do no damage.
The orc priest hits you with a hand axe.
* * * LOW HITPOINT WARNING * * *
You hit the orc priest.
The orc priest is lightly wounded.
The orc barely misses you.
The orc priest hits you with a hand axe.
* * * LOW HITPOINT WARNING * * *
You hit the orc priest.
The orc priest is lightly wounded.
The orc hits you but does no damage.
The orc priest calls upon Beogh to heal the orc.
The orc's wounds heal themselves!
You hit the orc priest.
The orc priest is heavily wounded.
The orc completely misses you.
The orc priest invokes the aid of Beogh against you.
Beogh smites you!
You die...

..# ..# ########
.......##########
..####.))o.oo.(.#
..####''#######.#
.##........## #o##
##..........# #oo#
#............###@##
..............##..#
...............##.#
............... #.#
............... #.#
............... #.#
......##....... +.#
+$# ###


You could see an orc priest and 2 orcs.

Vanquished Creatures
  An ogre (D:4)
  2 crimson imps
  2 bullfrog skeletons
  2 hounds (D:5)
  An orc priest (D:5)
  2 worker ants
  4 adders
  3 worms
  2 dart slugs
  2 leopard geckos
  11 orcs
  3 giant cockroaches
  6 hobgoblins
  4 jackals (D:5)
  A quokka (D:4)
  6 bats
  6 frilled lizards
  6 goblins
  2 kobolds
  5 rats
71 creatures vanquished.

Notes
Turn   | Place    | Note
-------+----------+-------------------------------------------
     0 | Abyss:1  | Kosschaser the Draconian Abyssal Knight began the quest for the Orb.
     0 | Abyss:1  | Reached XP level 1. HP: 19/19 MP: 2/2
    62 | Abyss:1  | Noticed a quasit
    79 | D:1      | Escaped the Abyss
   321 | D:1      | Reached XP level 2. HP: 25/26 MP: 3/3
   645 | D:1      | Reached * piety under Lugonu
  1050 | D:2      | Reached XP level 3. HP: 24/33 MP: 4/4
  1786 | D:3      | Found a sacrificial altar of Ru.
  1938 | D:3      | Reached skill level 3 in Long Blades
  1938 | D:3      | Reached XP level 4. HP: 30/40 MP: 5/5
  2308 | D:3      | Reached XP level 5. HP: 47/47 MP: 6/6
  2611 | D:4      | Noticed an ogre
  2636 | D:4      | Killed an ogre
  2636 | D:4      | Reached skill level 4 in Long Blades
  2636 | D:4      | Reached skill level 1 in Stealth
  3390 | D:5      | Entered Level 5 of the Dungeon
  3711 | D:5      | Reached XP level 6. HP: 52/53 MP: 7/7
  3750 | D:5      | Noticed Kosschaser's ghost (novice DrAK)
  4240 | D:5      | Reached skill level 5 in Long Blades
  4262 | D:5      | Reached ** piety under Lugonu
  4364 | D:5      | Killed from afar by an orc priest

Skill      XL: |  1  2  3  4  5  6 |
---------------+-------------------+-----
Fighting       | 4 |  4.9
Long Blades    | 3 4 5 |  5.1
Dodging        | 3 |  3.7
Stealth        | 1 |  1.9
Invocations    | |  2.0

Action                   |  1- 3 |  4- 6 || total
-------------------------+-------+-------++-------
Melee: Falchion          |   109 |   165 ||   274
       Tailslap          |    12 |    29 ||    41
Invok: Depart the Abyss  |     1 |       ||     1
  Use: Scroll            |       |     5 ||     5
 Stab: Sleeping          |       |     1 ||     1
  Eat: Chunk             |     2 |     4 ||     6
       Meat ration       |       |     1 ||     1
Armor: Skin              |    58 |    28 ||    86
Dodge: Dodged            |    92 |   118 ||   210
       Rpst.: Falchion   |    22 |    43 ||    65
